noty, neutral male gnomish Wizard ------------ |...<......| |..........| |...........#### ---.-------- # ### # | ### .| # |.| `#@q- |qB.@. .-Y--- | noty the Conjurer Experience level: 5 Strength: 9 Dexterity: 17 Constitution: 12 Intelligence: 19 Wisdom: 12 Charisma: 9 Health: 0(36) Energy: 47(47) Def: 10 Gold: 135 Moves: 1954 Dungeon seed: RT-xw_r4HzR5N0DG Game ID: noty_1467852275 Your Inventory: Coins $ - 135 gold pieces Weapons a - a blessed +1 quarterstaff (weapon in hands) Armor e - an uncursed +0 cloak of magic resistance (being worn) r - an uncursed +0 pair of iron shoes (being worn) z - an uncursed +0 helm of brilliance (being worn) A - an uncursed +3 studded leather armor (being worn) C - an uncursed +0 mummy wrapping N - an uncursed +0 dwarvish iron helm Y - a blessed +0 dwarvish roundshield Scrolls i - an uncursed scroll of earth j - an uncursed scroll of enchant armor k - an uncursed scroll of identify s - an uncursed scroll of light Spellbooks l - a blessed spellbook of force bolt m - an uncursed spellbook of cure blindness q - an uncursed spellbook of extra healing Potions f - 2 uncursed potions of restore ability g - an uncursed potion of paralysis h - an uncursed potion of water o - an uncursed potion of sickness v - an uncursed potion of invisibility B - a blessed potion of acid Rings c - an uncursed +1 ring of gain strength d - an uncursed ring of slow digestion y - an uncursed ring of poison resistance Wands b - a wand of digging (0:2) n - a wand of speed monster (0:2) u - a wand of create monster (0:1) Tools w - an uncursed magic whistle Spells and supernatural/magical abilities: Name Level Category Fail Memory a - force bolt 1 attack 0% 91% B - cure blindness 2 healing 55% 91% W - pray for help -- divine ? -- Your skills at the end: Fighting Skills wands [Basic] Weapon Skills quarterstaff [Basic] Spellcasting Skills attack spells [Basic] enchantment spells [Basic] Final Attributes: You were devoutly aligned. You were magic-protected. You had infravision. You are dead. Vanquished creatures: a shrieker a kobold mummy a ghoul a kitten 3 dwarves 2 giant bats 2 hobbits a large kobold a giant rat 2 cave spiders 2 yellow molds 2 green molds a red mold a gnome 2 geckos 5 jackals 2 foxes 5 kobolds 3 goblins a sewer rat 14 grid bugs 6 lichens a kobold zombie 10 newts 70 creatures vanquished. Voluntary challenges: You had been an atheist until turn 1904. You used a wielded weapon 62 times, starting on turn 20. You read items or engraved 9 times, starting on turn 3. You never genocided any monsters. You never polymorphed an object. You never changed form. You used no wishes. You never split a pudding. You wrote Elbereth's name 4 times, starting on turn 1121. You violated your moral code, losing 31 points of alignment, starting on turn 1125. Dungeon overview: The Dungeons of Doom: levels 1 to 3 Level 1 some fountains a long staircase Level 2 stairs to The Gnomish Mines Level 3 The Gnomish Mines: levels 3 to 6 Level 3 stairs to The Dungeons of Doom Level 4 Level 5 Level 6 <- You were here History has recorded: On T:1 you entered the Dungeons of Doom to retrieve the Amulet of Yendor! On T:57 you reached level 2 of The Dungeons of Doom. On T:399 you reached level 3 of The Dungeons of Doom. On T:433 you advanced to experience level 2. On T:443 you advanced to experience level 3. On T:530 you reached level 1 of The Gnomish Mines. On T:1084 you advanced to experience level 4. On T:1152 you advanced to experience level 5. On T:1235 you reached level 2 of The Gnomish Mines. On T:1507 you reached level 3 of The Gnomish Mines. On T:1918 you reached level 4 of The Gnomish Mines. Score breakdown: Gold: 135 ( 7257 points) Experience: 5 levels (11141 points) Exploration: 6 levels ( 12.50%) ( 9784 points) Discoveries: 3 items ( 1.03%) ( 3051 points) Valuables value: (no points given unless you survive) Artifact value: 0 ( 0 points) Variety of kills: 24 monsters ( 6.27%) ( 7509 points) Turncount: 1954 turns ( 0 points) Survival: died (score multiplied by 80%) Total score: 30993 Latest messages: You dig a hole through the floor. The rothe hits! The rothe bites! The rothe misses. The rothe hits! The rothe bites! The rothe misses. Never mind. As you read the scroll, it disappears. You feel like someone is helping you. (You can name a scroll labeled TEMOV from the item naming menu.) The rothe misses. The rothe just misses! The rothe misses. The rothe hits! You die... For some reason, you think that you can almost hear the Wizard laugh manically... Final status: Goodbye noty the Wizard, killed by a rothe... You died in The Gnomish Mines on dungeon level 6 with 30993 points, and 135 pieces of gold, after 1954 moves. You were level 5 with a maximum of 36 hit points when you died.